Map: Zen LE

Players

Blake

  • Race: Protoss Protoss
  • Spawn Location: 1:00

A.I. 1 (Hard) - Winner!

  • Race: Terran Terran
  • Spawn Location: 7:00

VOD

Have the link to the VOD?

Description

For 3v3 4min attack.

Time

  • Played on: April 14, 2020, 10:29 p.m.
  • Length: 4:24
Show
View Real Time Build Order
Export as new Build Order

Blake Protoss 

Build Orders: Blink Stalkers 

Get SALT Encoding   

  12  0:00  Probe  
  13  0:13  Probe  
  14  0:19  Pylon  
  14  0:25  Probe  
  15  0:37  Gateway  
  15  0:38  Probe (Chrono Boost)  
  16  0:45  Assimilator  
  16  0:48  Probe (Chrono Boost)  
  17  0:53  Probe (Chrono Boost)  
  17  0:56  Assimilator  
  18  1:04  Probe  
  18  1:07  Pylon  
  19  1:17  Probe  
  20  1:25  Cybernetics Core  
  20  1:29  Probe  
  21  1:41  Probe  
  22  1:53  Probe  
  23  2:02  Warp Gate, Twilight Council, Stalker  
  25  2:12  Gateway  
  25  2:29  Blink (Chrono Boost)  
  25  2:32  Stalker  
  27  2:40  Pylon  
  27  2:58  Gateway  
  27  3:00  Stalker  
  27  3:04  Stalker  
  31  3:29  Nexus  
  31  3:34  Pylon  
  31  3:37  Probe  
  32  3:53  Stalker x2  
  36  4:07  Stalker  
  38  4:10  Probe  
Show
View Real Time Build Order
Export as new Build Order

A.I. 1 (Hard) Terran - Winner!

Build Orders:  

Get SALT Encoding   

  12  0:00  SCV  
  13  0:13  SCV  
  14  0:18  Supply Depot  
  14  0:25  SCV  
  15  0:40  SCV  
  16  0:43  Barracks  
  16  0:52  SCV  
  17  1:04  SCV  
  18  1:16  Command Center  
  18  1:31  Orbital Command  
  18  1:32  Marine  
  19  1:36  Supply Depot  
  19  1:43  Refinery  
  19  1:50  Marine  
  20  1:56  SCV  
  20  1:58  Barracks  
  21  2:06  Refinery  
  21  2:08  Marine, SCV  
  23  2:29  SCV  
  24  2:32  Barracks Tech Lab  
  24  2:42  SCV  
  25  2:45  Marine  
  25  2:46  Factory  
  25  2:50  Marine  
  27  2:54  Refinery  
  27  2:59  Refinery  
  27  3:03  Marine  
  28  3:08  SCV  
  28  3:11  SCV  
  30  3:16  Marauder  
  32  3:20  SCV  
  32  3:22  Barracks Tech Lab  
  32  3:23  SCV  
  34  3:33  SCV  
  34  3:34  Factory  
  35  3:35  SCV  
  35  3:37  Marine  
  35  3:39  Factory Tech Lab  
  37  3:45  Starport  
  37  3:54  Starport  
  37  3:59  Marine  
  36  4:03  Marine  
  32  4:17  Factory Tech Lab  
  32  4:23  Starport Tech Lab  
Tags
 
Composition
Blink Stalkers
Matchup
PvT
Spawn Locations
Cross Positions
Add a new tag
Caveats
  • Supply blocks, unpowered buildings, or Contaminate may cause inaccurate times.
  • Supply counts are checked every 10 seconds.